 Dungeon Crawl Stone Soup version 0.30-a0-636-g200c5c4a83 (webtiles) character file.

Game seed: 4975715869130985097

640 Dartaoz the Digger (level 7, -4/36 HPs)
             Began as a Gargoyle Earth Elementalist on Jan 15, 2023.
             Was a Follower of Vehumet.
             Slain by a gnoll
             ... wielding a +0 flail
             ... led by a gnoll bouda
              (6 damage)
             ... on level 5 of the Dungeon.
             The game lasted 00:10:47 (4393 turns).

Dartaoz the Digger (Gargoyle Earth Elementalist)    Turns: 4393, Time: 00:10:47

Health: -4/36      AC:  6    Str: 12    XL:     7   Next: 51%
Magic:  2/10       EV: 11    Int: 17    God:    Vehumet [*.....]
Gold:   191        SH:  0    Dex: 10    Spells: 4/10 levels left

rFire   . . .      SeeInvis .    r - +5 falchion of the Philosopher {flame, Will+}
rCold   . . .      Faith    .    (no shield)
rNeg    + . .      Spirit   .    a - +0 robe
rPois   ∞          Reflect  .    (no helmet)
rElec   +          Harm     .    w - scarf {shadows}
rCorr   +          Rampage  .    (no gloves)
Will    +....                    (no boots)
Stlth   ++                       (no amulet)
HPRegen 0.26/turn                j - ring of resist corrosion
MPRegen 0.12/turn                (no ring)

@: about to teleport, weakened
A: sickness immunity, AC +4, negative energy resistance 1, electricity
resistance, torment resistance 1, petrification resistance
a: Renounce Religion


You were on level 5 of the Dungeon.
You worshipped Vehumet.
Vehumet was aware of your devotion.
You visited 1 branch of the dungeon, and saw 5 of its levels.

You collected 213 gold pieces.
You spent 22 gold pieces at shops.

Inventory:

Hand Weapons
 k - a +0 spear
 m - a +2 dagger of venom
 r - the +5 falchion of the Philosopher (weapon) {flame, Will+}
   (You found it on level 3 of the Dungeon)

   Will:      It increases your willpower.
Armour
 a - a +0 robe (worn)
 w - a scarf of shadows (worn)
Jewellery
 i - a ring of ice
 j - a ring of resist corrosion (left hand)
 q - a ring of positive energy
Scrolls
 e - 3 scrolls of teleportation
 f - 2 scrolls of immolation
 h - a scroll of amnesia {unknown}
 o - a scroll of vulnerability {unknown}
 p - a scroll of poison {unknown}
 s - a scroll of enchant weapon {unknown}
 t - a scroll of butterflies {unknown}
 v - a scroll of blinking {unknown}
Potions
 b - 2 potions of magic
 c - a potion of heal wounds {unknown}
 d - 2 potions of flight
 g - a potion of attraction
 l - a potion of curing
 n - a potion of lignification
 u - a potion of mutation {unknown}


   Skills:
 - Level 1.5 Dodging
 - Level 2.1 Stealth
 - Level 2.0 Spellcasting
 + Level 6.0 Conjurations
 - Level 0.7 Transmutations
 + Level 7.6 Earth Magic


You had 4 spell levels left.
You knew the following spells:

 Your Spells              Type           Power      Damage    Failure   Level
a - Sandblast             Erth           54%        2d13      1%          1
b - Stone Arrow           Conj/Erth      48%        3d10      3%          3
c - Passwall              Tmut/Erth      12%        N/A       5%          2

Your spell library contained the following spells:

 Spells                   Type           Power      Damage    Failure   Level
 Shock                    Conj/Air       44%        1d5       5%          1
 Wereblood                Tmut           4%         N/A       22%         2
 Petrify                  Tmut/Erth      15%        N/A       34%         4
 Summon Hydra             Summ           0%         N/A       100%        7
 Sublimation of Blood     Necr           Unusable   N/A       N/A         2

Dungeon Overview and Level Annotations

Branches:
Dungeon (5/15)
 Temple: D:4-7

Altars:
Gozag
Makhleb
Uskayaw
Vehumet
Wu Jian
Xom

Shops:
D:3 ?   D:4 [

Annotations:
D:4 3 runed translucent doors, njkz123's ghost, amateur DrWr


Innate Abilities, Weirdness & Mutations

You are immune to sickness and miasma.
Your stone body is resilient. (AC +4)
You are immune to poison.
You resist negative energy. (rN+)
You are resistant to electric shocks. (rElec)
You are resistant to unholy torment.
You are immune to petrification.


Message History

The gnoll picks up the pace!
The gnoll hits you with a +0 club.
The blast of sand hits the gnoll!!
You kill the gnoll!
Vehumet accepts your kill.
A gnoll comes into view. It is wielding a +0 halberd.
The blast of sand hits the gnoll!
You kill the gnoll!
Vehumet accepts your kill.
A gnoll comes into view. It is wielding a +0 spear.
A gnoll comes into view. It is wielding a +0 flail.
Your Conjurations skill increases to level 6!
The blast of sand hits the gnoll!
The gnoll is heavily wounded.
The gnoll shouts! x2
The blast of sand hits the gnoll bouda!
The gnoll bouda is severely wounded.
Your attacks no longer feel as feeble.
The gnoll misses you. The gnoll hits you with a +0 flail!
* * * LOW HITPOINT WARNING * * *
You are too injured to fight recklessly!
The gnoll hits you with a +0 flail!
* * * LOW HITPOINT WARNING * * *
The gnoll hits you from afar with a +0 halberd.
* * * LOW HITPOINT WARNING * * *
The gnoll bouda gazes fiercely through you!
You feel your attacks grow feeble. The gnoll attacks as you move away!
The gnoll misses you.
Found a short sword.
You feel better. The gnoll hits you with a +0 flail.
* * * LOW HITPOINT WARNING * * *
The gnoll closely misses you.
The gnoll hits you from afar with a +0 spear.
* * * LOW HITPOINT WARNING * * *
The gnoll bouda gazes fiercely through you!
You feel as though you will be weak longer.
Okay, then.
As you read the scroll of teleportation, it crumbles to dust.
You feel strangely unstable. The gnoll hits you with a +0 flail.
You die...

#.......#
#.......# #.#
#.......#
#.......# #.#
#.......#
#.......# #.#
#.......# .......#
#########'## ...##
#.# ###...###.#
..)).))##g#####..)
#..ggg@......
####..######.
##.... ####.. ##
.###### .......
#..###


You could see a gnoll bouda and 3 gnolls.

Vanquished Creatures
  A black bear (D:5)
  3 scorpions
  A jelly (D:5)
  An orc priest (D:4)
  A hound (D:4)
  An iguana (D:4)
  2 orc wizards (D:4)
  8 gnolls
  4 adders
  An ufetubus (D:4)
  4 dart slugs
  8 orcs
  7 endoplasms
  2 giant cockroaches
  8 goblins
  9 hobgoblins
  4 jackals (D:4)
  3 kobolds
  A quokka (D:2)
  8 ball pythons
  7 bats
  A frilled lizard (D:3)
  8 rats
93 creatures vanquished.

Notes
Turn   | Place    | Note
-------+----------+-------------------------------------------
     0 | D:1      | Dartaoz the Gargoyle Earth Elementalist began the quest for
                  | the Orb.
     0 | D:1      | Reached XP level 1. HP: 10/10 MP: 3/3
   121 | D:1      | Reached skill level 1 in Conjurations
   121 | D:1      | Reached skill level 4 in Earth Magic
   121 | D:1      | Reached XP level 2. HP: 15/15 MP: 3/5
   554 | D:1      | Reached XP level 3. HP: 19/19 MP: 4/6
  1093 | D:2      | Learned a level 3 spell: Stone Arrow
  1403 | D:2      | Reached XP level 4. HP: 24/24 MP: 3/7
  1562 | D:2      | Found a faded altar of an unknown god.
  2027 | D:3      | Found a radiant altar of Vehumet.
  2035 | D:3      | Became a worshipper of Vehumet
  2054 | D:3      | You fall into a shaft and drop 2 floors!
  2054 | D:5      | Entered Level 5 of the Dungeon
  2123 | D:4      | Found Yfoa's Armour Shoppe.
  2124 | D:4      | Found a runed translucent gate.
  2124 | D:4      | Found a runed translucent gate.
  2124 | D:4      | Found a runed translucent gate.
  2127 | D:4      | Reached skill level 5 in Earth Magic
  2270 | D:3      | Found Sautaon's Magic Scroll Shoppe.
  2288 | D:3      | Bought a scroll of identify for 22 gold pieces
  2521 | D:3      | Identified the +5 falchion of the Philosopher {flame,
                  | Will+}
  2974 | D:4      | Learned a level 2 spell: Passwall
  3009 | D:4      | Noticed a scorpion
  3013 | D:4      | Killed a scorpion
  3014 | D:4      | Reached XP level 5. HP: 27/28 MP: 3/8
  3082 | D:4      | Reached skill level 6 in Earth Magic
  3117 | D:4      | Reached XP level 6. HP: 23/32 MP: 5/9
  3137 | D:4      | Reached * piety under Vehumet
  3137 | D:4      | Offered knowledge of Shock by Vehumet.
  3721 | D:4      | Noticed njkz123's ghost (amateur DrWr)
  3722 | D:4      | Identified the +10 sling of the Wilderness {drain, rN+
                  | Will- Str+4}
  3723 | D:4      | Noticed an orc warrior
  3792 | D:4      | Found a hide-covered altar of Uskayaw.
  3792 | D:4      | Found a burning altar of Makhleb.
  3807 | D:4      | Found an ornate altar of the Wu Jian Council.
  3809 | D:4      | Found a shimmering altar of Xom.
  3811 | D:4      | Found an opulent altar of Gozag.
  3862 | D:4      | Reached skill level 5 in Conjurations
  4221 | D:5      | Reached skill level 7 in Earth Magic
  4221 | D:5      | Reached XP level 7. HP: 36/36 MP: 10/10
  4388 | D:5      | HP: 1/36 [gnoll/+0 halberd[a gnoll bouda] (3)]
  4393 | D:5      | Slain by a gnoll

Illustrated notes

Levels and vault maps discovered:
D:1:      lemuel_arrival_room, layout_loops_cross, serial_aquarium,
          aquarium_bridge_square [aquarium_subvault_bridge,
          aquarium_subvault_bridge, aquarium_subvault_bridge,
          aquarium_subvault_balcony], aquarium_window_1, aquarium_window_2,
          aquarium_window_1, aquarium_window_corridor_3, aquarium_view_2f,
          aquarium_view_2f, aquarium_pool_2
D:2:      layout_loops_ring, shapermc_ecumenical_altar_petra, minmay_tripent
D:3:      layout_loops_cross, mainiacjoe_overflow_tiny_flanked, serial_shops,
          shop, nicolae_hexahallways, kennysheep_another_room
D:4:      layout_basic, chequers_temple_overflow_minitemple,
          biasface_ghost_orc_armoury, nicolae_stop_n_shop_2
D:5:      layout_basic, temple_hall, minmay_misc_feat_hallway

Skill      XL: |  1  2  3  4  5  6  7 |
---------------+----------------------+-----
Conjurations   | 1 2 3 4 5 6 |  6.0
Earth Magic    | 4 5 6 7 |  7.6
Dodging        | |  1.5
Stealth        | |  2.1
Spellcasting   | |  2.0
Transmutations | |  0.7

Action                   |  1- 3 |  4- 6 |  7- 9 || total
-------------------------+-------+-------+-------++-------
Melee: Unarmed           |    16 |       |       ||    16
       Falchion          |       |     7 |       ||     7
 Cast: Sandblast         |    45 |    76 |    18 ||   139
  Use: Scroll            |       |     6 |     1 ||     7
       Potion            |       |       |     1 ||     1
Armor: Robe              |    12 |     5 |     7 ||    24
Dodge: Dodged            |    17 |     9 |    12 ||    38

Table legend: (Time is in decaauts)
 A = Elapsed time spent in this place.
 B = Non-inter-level travel time spent in this place.
 C = Inter-level travel time spent in this place.
 D = Time resting spent in this place.
 E = Time spent auto-exploring this place.
 F = Levels seen in this place.
 G = Mean time per level.
                   A        B        C        D        E       F      G
               +--------+--------+--------+--------+--------+-----+--------+
         Total |   4461 |   4340 |    121 |      0 |   3828 |   5 |  892.2 |
       Dungeon |   4461 |   4340 |    121 |      0 |   3828 |   5 |  892.2 |
               +--------+--------+--------+--------+--------+-----+--------+

Top non-repeatable levels by time:
     D:4: 1115 daAuts
     D:1: 1102 daAuts
     D:2: 929 daAuts
     D:3: 895 daAuts
     D:5: 419 daAuts
